AoeStats
← Snobyman

Black Forest

510027826Analyzed
4v4 RM · 4d ago on Sep 29, 2026· 83m 34s· 8 players
Game mode
Random Map
Map size
Large (8 player)
Population
200
Speed
Normal
Resources
Standard
Victory
Conquest
Starting age
Dark Age
Ending age
Imperial Age
RankedLock teamsTeams togetherTeam positionsShared explorationLock speedFull tech treeHidden civsTurbo modeCheats
Victory
Defeat
🇺🇸 Varangians · United States
809
+7
🇵🇪 Vikings · Peru
800
+8
🇨🇴 Britons · Colombia
788
+8
🇺🇸 Varangians · United States
759
+10
755
-13
🇺🇸 Byzantines · United States
620
-8
🇨🇱 Persians · Chile
603
-8
🇦🇺 Khmer · Australia
417
-4
juliocesaracostagaytan
4:45 Loom
14:15 Feudal Age
15:19 Horse Collar
20:11 Castle Age
18:19 Double-Bit Axe
21:10 Wheelbarrow
20:31 Stone Mining
23:25 Gold Mining
23:51 Bow Saw
23:45 Heavy Plow
26:11 Hand Cart
32:55 Caravan
33:36 Town Watch
36:33 Forging
36:24 Scale Mail Armor
36:29 Scale Barding Armor
36:15 Treadmill Crane
36:33 Murder Holes
36:49 Masonry
37:01 Ballistics
38:35 Stone Shaft Mining
40:57 Imperial Age
41:32 Iron Casting
41:12 Chain Mail Armor
41:18 Chain Barding Armor
41:02 Gambesons
41:18 Squires
41:03 Arson
46:38 Conscription
45:41 Elite Jarl
47:25 Blast Furnace
46:56 Plate Mail Armor
47:01 Plate Barding Armor
47:40 Vendel Legacy
47:58 Vendel Legacy
47:59 Gothikon
51:21 Elite Varangian Guard
56:06 Onager
58:13 Siege Engineers
59:11 Chemistry
58:42 Architecture
58:23 Fortified Wall
vkoni1997
1:10 Loom
18:48 Feudal Age
34:30 Castle Age
33:14 Stone Mining
33:17 Gold Mining
36:14 Crossbowman
37:01 Thumb Ring
39:19 Double-Bit Axe
43:55 Imperial Age
47:09 Gold Shaft Mining
47:09 Stone Shaft Mining
46:51 Bow Saw
47:26 Wheelbarrow
47:15 Conscription
48:51 Ballistics
51:22 Chemistry
54:19 Arbalester
56:39 Logistica
58:30 Elite Cataphract
62:39 Caravan
63:13 Scale Barding Armor
63:18 Forging
64:21 Chain Barding Armor
73:41 Hand Cart
78:18 Horse Collar
iBita
13:33 Feudal Age
14:11 Horse Collar
14:26 Double-Bit Axe
17:33 Gold Mining
17:34 Stone Mining
21:25 Castle Age
26:32 Stone Shaft Mining
26:33 Gold Shaft Mining
28:27 Murder Holes
32:57 Heavy Plow
33:26 Bow Saw
38:24 Caravan
43:40 Imperial Age
41:48 Wheelbarrow
43:28 Elite War Elephant
50:10 Hand Cart
50:27 Crop Rotation
51:01 Two-Man Saw
52:17 Scale Barding Armor
52:23 Forging
52:04 Fletching
52:43 Forging
53:20 Citadels
53:12 Kamandaran
53:44 Chain Barding Armor
59:07 Plate Barding Armor
59:08 Iron Casting
58:29 Bodkin Arrow
62:47 Blast Furnace
77:25 Crossbowman
78:10 Thumb Ring
78:08 Padded Archer Armor
78:09 Scale Mail Armor
80:58 Ballistics
81:38 Chemistry
Snobyman
14:21 Feudal Age
16:05 Loom
17:18 Horse Collar
17:32 Double-Bit Axe
18:40 Wheelbarrow
19:26 Gold Mining
19:27 Stone Mining
22:01 Town Watch
28:06 Castle Age
31:49 Imperial Age
33:46 Stone Shaft Mining
33:42 Bow Saw
34:03 Heavy Plow
38:55 Gold Shaft Mining
38:57 Crop Rotation
38:42 Caravan
39:12 Coinage
41:52 Chemistry
41:13 Ballistics
40:43 Heated Shot
41:02 Scale Barding Armor
40:58 Scale Mail Armor
41:09 Forging
40:49 Fletching
41:01 Padded Archer Armor
41:17 Masonry
41:13 Murder Holes
41:46 Hand Cart
KRATOS25085670
18:43 Feudal Age
20:20 Double-Bit Axe
20:17 Horse Collar
21:14 Wheelbarrow
20:34 Stone Mining
20:37 Gold Mining
24:33 Castle Age
25:37 Bow Saw
25:29 Heavy Plow
26:23 Hand Cart
30:14 Imperial Age
32:49 Loom
33:38 Crop Rotation
34:11 Two-Man Saw
34:23 Capped Ram
36:36 Forging
36:27 Scale Mail Armor
35:57 Gothikon
36:59 Conscription
37:26 Stone Shaft Mining
36:40 Siege Ram
37:16 Onager
37:40 Elite Varangian Guard
39:04 Pikeman
42:05 Chemistry
41:11 Siege Engineers
41:27 Ballistics
40:48 Treadmill Crane
44:32 Halberdier
45:16 Squires
46:58 Chain Mail Armor
48:23 Plate Mail Armor
51:39 Heavy Scorpion
52:28 Caravan
62:39 Elite Jarl
76:15 Iron Casting
75:33 Fletching
78:01 Arson
TheBoss2333
9:10 Loom
10:51 Loom
14:31 Feudal Age
22:10 Stone Mining
23:24 Horse Collar
24:09 Double-Bit Axe
28:42 Castle Age
28:34 Forging
28:24 Scale Mail Armor
30:29 Heavy Plow
30:43 Bow Saw
30:26 Gold Mining
31:59 Iron Casting
31:40 Chain Mail Armor
41:30 Imperial Age
41:03 Stone Shaft Mining
44:47 Plate Mail Armor
45:18 Blast Furnace
46:35 Elite Varangian Guard
49:18 Conscription
49:24 Gothikon
51:29 Crop Rotation
54:27 Scale Barding Armor
55:32 Chain Barding Armor
56:56 Plate Barding Armor
58:53 Caravan
58:48 Elite Jarl
JOY BOY
0:37 Loom
15:37 Feudal Age
16:07 Man-at-Arms
19:43 Arson
26:43 Castle Age
26:09 Double-Bit Axe
26:59 Forging
27:17 Long Swordsman
30:19 Bow Saw
29:50 Horse Collar
32:19 Heavy Plow
37:30 Iron Casting
36:55 Scale Mail Armor
36:46 Fletching
37:13 Squires
42:46 Imperial Age
40:53 Gold Mining
40:54 Stone Mining
41:45 Chain Mail Armor
42:28 Gold Shaft Mining
42:26 Fortified Wall
43:46 Ballistics
43:06 Two-Handed Swordsman
45:06 Pikeman
46:55 Chieftains
48:29 Two-Man Saw
49:00 Plate Mail Armor
49:44 Crop Rotation
50:42 Conscription
54:10 Chemistry
54:44 Blast Furnace
56:06 Champion
58:57 Bogsveigar
61:51 Elite Berserk
69:01 Caravan
75:30 Murder Holes
jolman.info
0:55 Loom
11:48 Feudal Age
12:41 Double-Bit Axe
18:31 Castle Age
17:45 Horse Collar
19:48 Bow Saw
21:37 Heavy Plow
23:17 Gold Mining
31:22 Gold Shaft Mining
35:30 Imperial Age
33:31 Padded Archer Armor
33:22 Fletching
33:55 Yeomen
33:58 Ballistics
33:55 Masonry
34:15 Stone Mining
35:41 Leather Archer Armor
35:21 Bodkin Arrow
35:31 Caravan
35:40 Elite Longbowman
36:22 Warwolf
36:57 Conscription
37:47 Wheelbarrow
36:58 Town Watch
38:22 Coinage
37:42 Capped Ram
39:35 Hand Cart
39:23 Town Patrol
38:59 Pikeman
39:40 Squires
40:29 Ring Archer Armor
41:16 Bracer
41:18 Scale Mail Armor
41:30 Forging
41:17 Halberdier
42:58 Banking
42:39 Guilds
42:58 Chain Mail Armor
42:33 Gambesons
44:20 Scale Barding Armor
44:51 Iron Casting
46:59 Chemistry
46:07 Siege Engineers
46:33 Architecture
45:44 Treadmill Crane
47:29 Plate Mail Armor
48:00 Blast Furnace
48:27 Man-at-Arms
48:52 Arson
53:45 Long Swordsman
55:04 Elite Skirmisher
55:05 Crossbowman
55:06 Cranequins
55:07 Heavy Mounted Crossbowman
55:36 Two-Handed Swordsman
57:34 Arbalester
57:50 Heavy Scorpion
60:32 Onager
61:15 Champion
70:24 Heated Shot
70:30 Murder Holes
70:45 Fortified Wall
Connection lost

Rejoining the realm…

Still unreachable

The connection could not be restored.

Session expired

The server has moved on; the page needs a fresh start.